 Dungeon Crawl Stone Soup version 0.31-a0-924-ge39a22a033 (webtiles) character file.

Game seed: 15819604221401426738

33044 IndexError the Fighter (level 13, -2/84 HPs)
             Began as a Gargoyle Conjurer on Oct 17, 2023.
             Was a High Priest of Qazlal.
             Blown up by a great orb of eyes (18 damage)
             ... with a mindburst bolt
             ... on level 13 of the Dungeon on Oct 18, 2023.
             The game lasted 00:41:05 (19150 turns).

IndexError the Fighter (Gargoyle Conjurer)         Turns: 19150, Time: 00:41:06

Health: -2/84      AC: 23    Str: 13    XL:     13   Next: 68%
Magic:  3/27       EV: 11    Int: 22    God:    Qazlal [*****.]
Gold:   927        SH: 11    Dex:  8    Spells: 6/32 levels left

rFire   + . .        k - staff of conjuration {!a}
rCold   + . .        m - orb {light}
rNeg    + . .        O - +2 robe {rC+ rF+}
rPois   ∞            e - +2 helmet
rElec   +            j - +0 cloak
rCorr   .            E - +1 pair of gloves
SInv    .            (no boots)
Will    .....        o - amulet of reflection
Stlth   +            D - +4 ring of protection
HPRegen 0.34/turn    L - ring of wizardry {Wiz+, !d}
MPRegen 0.20/turn

%: repel missiles, reflection, wizardry (x1)
@: glowing
A: sickness immunity, AC +9, negative energy resistance 1, electricity
resistance, torment resistance 1, petrification resistance
a: Renounce Religion, Upheaval, Elemental Force, Disaster Area


You were on level 13 of the Dungeon.
You worshipped Qazlal.
Qazlal was extremely pleased with you.
You visited 2 branches of the dungeon, and saw 15 of its levels.
You also visited: Sewer and Ossuary.

You collected 956 gold pieces.
You spent 29 gold pieces at shops.

Inventory:

Missiles
 i - 5 boomerangs
 r - 21 poisoned darts
 y - 10 javelins
 S - 4 curare-tipped darts
Armour
 b - a +0 hat of willpower
   (You took it off Gastronok on level 1 of the Lair of Beasts)
 e - a +2 helmet (worn)
   (You found it on level 1 of the Dungeon)
 j - a +0 cloak (worn)
   (You took it off Crazy Yiuf on level 4 of the Dungeon)
 m - an orb of light (worn)
   (You found it on level 10 of the Dungeon)
 E - a +1 pair of gloves (worn)
   (You found it on level 5 of the Dungeon)
 G - a +0 robe of willpower
   (You took it off a wight on level 6 of the Dungeon)
 O - a +2 robe of resistance (worn)
   (You took it off a wight on level 8 of the Dungeon)
Magical Staves
 k - a staff of conjuration (weapon) {!a}
   (You found it on level 1 of the Dungeon)
 I - a staff of cold {rC+}
   (You took it off a kobold on level 6 of the Dungeon)
Jewellery
 d - a ring of flight {+Fly, !d}
   (You found it on level 11 of the Dungeon)
 o - an amulet of reflection (around neck)
   (You found it on level 2 of the Dungeon)
 u - a ring of see invisible {sInv, !d}
   (You found it on level 3 of the Dungeon)
 D - a +4 ring of protection (left hand)
   (You found it on level 4 of the Dungeon)
 L - a ring of wizardry (right hand) {Wiz+, !d}
   (You found it on level 7 of the Dungeon)
Wands
 C - a wand of roots (3)
   (You found it on level 4 of the Dungeon)
 K - a wand of flame (24)
   (You found it on level 7 of the Dungeon)
 N - a wand of charming (14)
   (You found it on level 8 of the Dungeon)
 Q - a wand of polymorph (3)
   (You found it on level 13 of the Dungeon)
Scrolls
 a - 2 scrolls of summoning
 f - a scroll of enchant weapon
 l - 3 scrolls of poison
 s - 2 scrolls of vulnerability {!r!r}
 t - a scroll of fog
 v - 5 scrolls of teleportation
 w - 2 scrolls of revelation
 x - 2 scrolls of fear
 B - 2 scrolls of brand weapon
 H - a scroll of silence
 J - 2 scrolls of torment {!r}
 P - a scroll of blinking {!r}
 R - 2 scrolls of immolation {!r}
 U - a scroll of identify
Potions
 c - 3 potions of haste {unknown}
 g - 2 potions of degeneration {unknown}
 h - 4 potions of heal wounds {unknown}
 n - 2 potions of berserk rage {unknown}
 p - 3 potions of curing
 q - 2 potions of mutation {unknown}
 z - 3 potions of resistance {unknown}
 A - 2 potions of attraction {unknown}
 F - 2 potions of might {unknown}
 M - a potion of enlightenment {unknown}


   Skills:
 + Level 10.9 Fighting
 * Level 5.4 Staves
 - Level 1.5 Dodging
 - Level 2.1 Stealth
 - Level 10.0 Spellcasting
 - Level 10.0 Conjurations
 - Level 6.0 Hexes
 - Level 6.0 Translocations
 + Level 3.8 Ice Magic
 + Level 3.1 Air Magic
 - Level 10.0 Invocations
 * Level 4.9 Evocations


You had 6 spell levels left.
You knew the following spells:

 Your Spells              Type           Power      Damage    Failure   Level
a - Magic Dart            Conj           100%       1d8       1%          1
b - Searing Ray           Conj           100%       2d8       1%          2
c - Fulminant Prism       Conj/Hex       31%        3d16      1%          4
d - Iskenderun's Mystic   Conj/Tloc      62%        2d13      1%          4
e - Sandblast             Erth           22%        2d7       2%          1
f - Blink                 Tloc           74%        N/A       1%          2
g - Freezing Cloud        Conj/Ice/Air   26%        6-21      6%          5
h - Passage of Golubria   Tloc           37%        N/A       1%          4
x - Stone Arrow           Conj/Erth      98%        3d13      1%          3

Your spell library contained the following spells:

 Spells                   Type           Power      Damage    Failure   Level
 Shock                    Conj/Air       100%       1d9       1%          1
 Lesser Beckoning         Tloc           74%        N/A       1%          2
 Momentum Strike          Conj/Tloc      100%       3d10      1%          2
 Dazzling Flash           Conj/Hex       100%       N/A       1%          3
 Mephitic Cloud           Conj/Pois/Air  45%        N/A       1%          3
 Sigil of Binding         Hex            37%        N/A       1%          3
 Swiftness                Air            24%        N/A       1%          3
 Tukima's Dance           Hex            37%        N/A       1%          3
 Dimensional Bullseye     Hex/Tloc       18%        N/A       1%          4
 Manifold Assault         Tloc           37%        N/A       1%          4
 Call Imp                 Summ           22%        N/A       3%          2
 Passwall                 Tmut/Erth      9%         N/A       3%          2
 Brom's Barrelling Bould  Conj/Erth      49%        2d7       3%          4
 Airstrike                Air            12%        2d(2-18)  7%          4
 Leda's Liquefaction      Hex/Erth       12%        N/A       7%          4
 Call Canine Familiar     Summ           11%        N/A       8%          3
 Ignite Poison            Fire/Tmut/Pois 11%        N/A       8%          3
 Silence                  Hex/Air        15%        N/A       11%         5
 Yara's Violent Unravell  Hex/Tmut       12%        3d7       19%         5
 Lehudib's Crystal Spear  Conj/Erth      24%        10d7      100%        8
 Cigotuvi's Dreadful Rot  Necr/Pois/Air  Unusable   N/A       N/A         2

Dungeon Overview and Level Annotations

Branches:
Dungeon (14/15)            Temple (0/1) D:7            Lair (1/5) D:9
    Orc (0/2) D:11          Sewer (visited)         Ossuary (visited)
 Vaults: D:13-14

Altars:
Dithmenos
Fedhas
Gozag
Nemelex Xobeh
Qazlal
Trog
Uskayaw
Xom
Yredelemnul
Zin

Shops:
D:2 ?   D:6 ((*[   D:11 =[(*[

Portals:
Trove: D:13 (give +5 ice dragon scales)

Annotations:
D:11 3 runed translucent doors, dertzug's ghost, journeyman DrSh
D:13 2 transporters, soseboi's ghost, journeyman OpIE


Innate Abilities, Weirdness & Mutations

You are immune to sickness and miasma.
Your stone body is resilient. (AC +9)
You are immune to poison.
You resist negative energy. (rN+)
You are resistant to electric shocks. (rElec)
You are resistant to unholy torment.
You are immune to petrification.


Message History

The blast of calcifying dust hits you but does no damage.
The boulder beetle is engulfed in freezing vapours.
You now have 17/27 mp.
The catoblepas is engulfed in freezing vapours.
The boulder beetle leaps!
You hit the catoblepas.
You hear two shouts!
The acid dragon is engulfed in freezing vapours.
The catoblepas is engulfed in freezing vapours.
The catoblepas gores you!
You take 17 damage, and have 67/84 hp.
MASSIVE DAMAGE!!
You hit the catoblepas but do no damage.
The acid dragon is engulfed in freezing vapours.
The catoblepas is engulfed in freezing vapours.
The catoblepas breathes a plume of calcifying dust at you.
The blast of calcifying dust hits you!
You take 8 damage, and have 59/84 hp.
Casting: Freezing Cloud (dangerous; 7% risk of failure)
Confirm with . or Enter, or press ? or * to list all spells.
Aiming: Stone Arrow (safe; 1% risk of failure)
Press: ? - help, Shift-Dir - straight line You feel a surge of power!
The stone arrow hits the catoblepas!
The acid dragon is engulfed in freezing vapours.
Qazlal accepts your kill.
The acid dragon scales are intact enough to wear.
The catoblepas is engulfed in freezing vapours.
The catoblepas gores you!
You take 16 damage, and have 43/84 hp.
You now have 15/27 mp.
Casting: Stone Arrow (safe; 1% risk of failure)
Confirm with . or Enter, or press ? or * to list all spells.
Aiming: Stone Arrow (safe; 1% risk of failure)
Press: ? - help, Shift-Dir - straight line You feel a surge of power!
The stone arrow hits the catoblepas!
The catoblepas is engulfed in freezing vapours.
Qazlal accepts your kill.
Your Air Magic skill increases to level 3!
You now have 12/27 mp.
Casting: Stone Arrow (safe; 1% risk of failure)
Confirm with . or Enter, or press ? or * to list all spells.
Okay, then.
Casting: Stone Arrow (safe; 1% risk of failure)
Confirm with . or Enter, or press ? or * to list all spells.
Aiming: Stone Arrow (safe; 1% risk of failure)
Press: ? - help, Shift-Dir - straight line, f - two-headed ogre
Aim: a two-headed ogre, wielding two +0 giant clubs (freezing vapour, haloed, 92% to hit)
You feel a surge of power!
The stone arrow misses the two-headed ogre.
The two-headed ogre is engulfed in freezing vapours.
You now have 9/27 mp.
Casting: Stone Arrow (safe; 1% risk of failure)
Confirm with . or Enter, or press ? or * to list all spells.
Aiming: Stone Arrow (safe; 1% risk of failure)
Press: ? - help, Shift-Dir - straight line, f/p - two-headed ogre
Aim: a two-headed ogre, wielding two +0 giant clubs (freezing vapour, lightly wounded, haloed, 92% to hit)
You feel a surge of power!
The stone arrow hits the two-headed ogre!
The two-headed ogre is engulfed in freezing vapours.
You now have 7/27 mp.
Casting: Stone Arrow (safe; 1% risk of failure)
Confirm with . or Enter, or press ? or * to list all spells.
Aiming: Stone Arrow (safe; 1% risk of failure)
Press: ? - help, Shift-Dir - straight line, f/p - two-headed ogre
Aim: a two-headed ogre, wielding two +0 giant clubs (freezing vapour, severely wounded, haloed, 92% to hit)
You feel a surge of power!
The stone arrow hits the two-headed ogre!!
Qazlal accepts your kill.
You now have 4/27 mp.
The boulder beetle is engulfed in freezing vapours.
The boulder beetle bites you but does no damage.
You climb upwards.
Level annotation: 2 transporters, soseboi's ghost, journeyman OpIE
There is a stone staircase leading down here.
Casting: Stone Arrow (safe; 1% risk of failure)
Confirm with . or Enter, or press ? or * to list all spells.
Aiming: Stone Arrow (safe; 1% risk of failure)
Press: ? - help, Shift-Dir - straight line, f - boulder beetle
Aim: a boulder beetle (lightly wounded, haloed, 100% to hit)
You feel a surge of power!
The stone arrow hits the boulder beetle!!
You block the boulder beetle's attack.
You now have 1/27 mp.
Aiming: Charm
Press: ? - help, Shift-Dir - straight line, f/p - boulder beetle
Aim: a boulder beetle (heavily wounded, haloed, chance to affect: 44%)
Okay, then.
Aiming: Polymorph
Press: ? - help, Shift-Dir - straight line, f/p - boulder beetle
Aim: a boulder beetle (heavily wounded, haloed, will become a jorogumo, a great orb of eyes, or a dream sheep, chance to affect: 44%)
The boulder beetle evaporates and reforms as a great orb of eyes!
You hit the great orb of eyes. The great orb of eyes gazes at you.
Your mind is blasted!
* * * LOW HITPOINT WARNING * * *
You take 32 damage, and have 15/84 hp.
MASSIVE DAMAGE!!
You completely miss the great orb of eyes.
The great orb of eyes bites you but does no damage.
You hit the great orb of eyes but do no damage.
The great orb of eyes gazes at you.
Your mind is blasted!
You die...

#..........# #.........#
#..........# #.........#
#..........# #.........#
#..........# #.........#
#..........# #.........#
#..........# #.........#
#..........# #.........#
#####.........°#######..<......##
.............>.G@[...............
########.#########○.#..####......
#.# #..8.[# #...... #.# #.8.8.#
#...... #.# #8.∩.8# #...... #.#
#.8.8.# #...... #.# #..8..#
#......
########.#########..#..####......
.................................


You could see a great orb of eyes.

Vanquished Creatures
  Rupert (D:13)
  Gastronok (Lair:1)
  Josephine (D:11)
  Fannar (D:11)
  3 centaur warriors (D:13)
  A catoblepas (D:14)
  4 boulder beetles
  3 two-headed ogres
  A tengu warrior (D:13)
  Urug (D:13)
  An arcanist (D:14)
  4 ugly things
  An orc knight (D:11)
  2 cyclopes (D:13)
  A gargoyle (D:12)
  2 cane toads (Lair:1)
  An unseen horror (D:12)
  A kobold demonologist (D:6)
  An efreet (D:13)
  A komodo dragon (D:9)
  7 trolls
  7 slime creatures
  8 wraiths
  40 yaks
  2 basilisks
  5 wyverns
  2 vampire mosquitoes (D:13)
  2 water moccasins (Lair:1)
  3 acid dragons
  12 orc warriors
  An ice beast (D:5)
  5 ogres
  10 centaurs
  3 kobold brigands
  3 phantoms
  6 bullfrogs
  2 scorpions
  9 wights
  An oklob sapling (D:7)
  9 killer bees
  2 electric eels (Lair:1)
  3 hounds
  A human zombie (Ossuary)
  4 centaur zombies (Ossuary)
  5 jellies
  7 orc priests
  A gnoll bouda (D:9)
  Crazy Yiuf (D:4)
  5 iguanas
  9 orc wizards
  4 mummies
  9 gnolls
  8 adders
  A river rat (Sewer)
  A shadow imp (D:6)
  4 white imps
  5 adder zombies (Ossuary)
  2 worms
  2 dart slugs (D:2)
  46 orcs
  7 ball pythons
  13 endoplasms
  3 giant cockroaches
  A gnoll zombie (Ossuary)
  A goblin (D:1)
  4 hobgoblins
  A quokka (D:5)
  2 bats
  5 frilled lizards
  4 goblin zombies (Ossuary)
  3 hobgoblin zombies (Ossuary)
  5 jackal zombies (Ossuary)
  20 kobolds
  3 kobold zombies (Ossuary)
  4 orc zombies (Ossuary)
  6 quokka zombies (Ossuary)
  4 rats (Sewer)
  2 rat zombies (Ossuary)
  A fulminant prism (D:13)
378 creatures vanquished.

Vanquished Creatures (others)
  2 orcs (D:11)
  21 fulminant prisms
23 creatures vanquished.

Grand Total: 401 creatures vanquished

Notes
Turn   | Place    | Note
-------+----------+-------------------------------------------
     0 | D:1      | IndexError the Gargoyle Conjurer began the quest for the
                  | Orb.
     0 | D:1      | Reached XP level 1. HP: 10/10 MP: 3/3
   117 | D:1      | Found a faded altar of an unknown god.
   130 | D:1      | Prayed at the altar of an unknown god.
   130 | D:1      | Became a worshipper of Qazlal Stormbringer
   130 | D:1      | Reached * piety under Qazlal
   506 | D:1      | Reached XP level 2. HP: 15/15 MP: 1/5
  1053 | D:2      | Learned a level 2 spell: Searing Ray
  1109 | D:2      | Reached skill level 3 in Spellcasting
  1109 | D:2      | Reached XP level 3. HP: 19/19 MP: 0/7
  1315 | D:2      | Found Gastoqoh's Magic Scroll Shop.
  2147 | D:3      | Found a sparkling altar of Nemelex Xobeh.
  2594 | D:3      | Reached XP level 4. HP: 24/24 MP: 5/9
  3010 | D:4      | Reached skill level 4 in Spellcasting
  3148 | D:4      | Found a sand-covered staircase.
  3158 | Ossuary  | Entered an ossuary
  3309 | Ossuary  | Reached ** piety under Qazlal
  3360 | Ossuary  | Reached XP level 5. HP: 28/28 MP: 7/11
  3370 | Ossuary  | Reached skill level 5 in Spellcasting
  3656 | Ossuary  | Reached XP level 6. HP: 31/32 MP: 4/14
  3970 | Ossuary  | Reached *** piety under Qazlal
  4396 | D:4      | Found a bloodstained altar of Trog.
  4685 | D:4      | Reached skill level 6 in Spellcasting
  4685 | D:4      | Reached skill level 5 in Conjurations
  4828 | D:4      | Found a runed translucent door.
  4829 | D:4      | Noticed Crazy Yiuf
  5144 | D:4      | Killed Crazy Yiuf
  5240 | D:5      | Entered Level 5 of the Dungeon
  5257 | D:5      | Reached XP level 7. HP: 36/36 MP: 10/16
  5552 | D:5      | Reached skill level 6 in Conjurations
  5616 | D:5      | Found a glowing drain.
  5625 | Sewer    | Entered a sewer
  5949 | Sewer    | Reached skill level 7 in Spellcasting
  6037 | Sewer    | Found a viscous altar of Jiyva.
  6062 | Sewer    | Reached XP level 8. HP: 41/41 MP: 14/18
  6530 | D:5      | Reached skill level 7 in Conjurations
  7074 | D:6      | Reached **** piety under Qazlal
  7121 | D:6      | Found a glowing silver altar of Zin.
  7129 | D:6      | Reached skill level 8 in Spellcasting
  7129 | D:6      | Reached skill level 8 in Conjurations
  7295 | D:6      | Found a shadowy altar of Dithmenos.
  7342 | D:6      | Reached XP level 9. HP: 45/45 MP: 0/21
  7493 | D:6      | Noticed a kobold demonologist
  7500 | D:6      | Noticed an ice devil
  7501 | D:6      | Killed a kobold demonologist
  7502 | D:6      | Reached skill level 9 in Conjurations
  7727 | D:6      | Found Iplu's Antique Weapon Boutique.
  7775 | D:6      | Reached skill level 9 in Spellcasting
  7883 | D:6      | Found Oquylumu's Weapon Shoppe.
  7907 | D:6      | Found Sitiox's General Store.
  8126 | D:7      | Found a staircase to the Ecumenical Temple.
  8188 | D:6      | Found Botab's Antique Armour Emporium.
  8304 | D:7      | Reached skill level 10 in Conjurations
  9142 | D:8      | Reached skill level 10 in Spellcasting
  9151 | D:8      | Reached skill level 1 in Fighting
  9151 | D:8      | Reached skill level 1 in Invocations
  9152 | D:8      | Reached skill level 2 in Fighting
  9152 | D:8      | Reached skill level 2 in Invocations
  9152 | D:8      | Reached XP level 10. HP: 54/54 MP: 8/24
  9155 | D:8      | Reached skill level 3 in Fighting
  9155 | D:8      | Reached skill level 3 in Invocations
  9296 | D:8      | Learned a level 3 spell: Stone Arrow
  9321 | D:8      | Reached skill level 4 in Fighting
  9321 | D:8      | Reached skill level 4 in Invocations
  9431 | D:8      | Learned a level 4 spell: Fulminant Prism
  9436 | D:8      | Learned a level 4 spell: Iskenderun's Mystic Blast
  9438 | D:8      | Learned a level 1 spell: Sandblast
  9786 | D:8      | Reached skill level 1 in Hexes
  9786 | D:8      | Reached skill level 1 in Translocations
 10476 | D:9      | Reached skill level 5 in Fighting
 10476 | D:9      | Reached skill level 2 in Hexes
 10476 | D:9      | Reached skill level 2 in Translocations
 10476 | D:9      | Reached skill level 5 in Invocations
 10674 | D:9      | Reached ***** piety under Qazlal
 11030 | D:9      | Reached skill level 3 in Hexes
 11042 | D:9      | Reached skill level 3 in Translocations
 11245 | D:9      | Reached XP level 11. HP: 64/64 MP: 12/25
 11261 | D:9      | Reached skill level 6 in Fighting
 11261 | D:9      | Reached skill level 6 in Invocations
 11418 | D:9      | Found a shimmering altar of Xom.
 11420 | D:9      | Found an opulent altar of Gozag.
 11470 | D:9      | Found a basalt altar of Yredelemnul.
 11510 | D:9      | Found a hide-covered altar of Uskayaw.
 11854 | D:9      | Found a staircase to the Lair.
 11934 | D:10     | Entered Level 10 of the Dungeon
 12025 | D:10     | Found a stormy altar of Qazlal.
 12261 | Lair:1   | Entered Level 1 of the Lair of Beasts
 12273 | Lair:1   | Noticed Gastronok
 12275 | Lair:1   | Reached skill level 4 in Hexes
 12275 | Lair:1   | Reached skill level 4 in Translocations
 12396 | Lair:1   | HP: 11/66 [Gastronok/the air (33)]
 12401 | Lair:1   | Killed Gastronok
 12405 | D:9      | Reached skill level 7 in Fighting
 12405 | D:9      | Reached skill level 7 in Invocations
 12406 | D:9      | HP: 15/67 [bullfrog (1)]
 12692 | Lair:1   | Noticed a boulder beetle
 12694 | Lair:1   | Reached skill level 5 in Hexes
 12694 | Lair:1   | Reached skill level 5 in Translocations
 12697 | D:9      | HP: 16/67 [boulder beetle (11)]
 12702 | D:9      | HP: 10/67 [boulder beetle (3)]
 12708 | D:9      | Killed a boulder beetle
 13317 | D:10     | Found a blossoming altar of Fedhas.
 13484 | D:10     | Reached XP level 12. HP: 63/73 MP: 10/26
 13493 | D:10     | Reached skill level 8 in Fighting
 13493 | D:10     | Reached skill level 8 in Invocations
 13566 | D:10     | HP: 11/73 [orc warrior/+0 long sword (12)]
 13573 | D:10     | HP: 9/73 [orc warrior/+0 long sword (1)]
 13594 | D:10     | HP: 15/73 [orc/+0 trident (1)]
 13599 | D:10     | HP: 15/73 [orc/+0 trident (1)]
 14163 | D:10     | Upgraded the game from 0.31-a0-917-ga885b83477 to
                  | 0.31-a0-924-ge39a22a033
 14259 | D:11     | Learned a level 2 spell: Blink
 14267 | D:11     | Learned a level 5 spell: Freezing Cloud
 14272 | D:11     | Learned a level 4 spell: Passage of Golubria
 14312 | D:11     | Noticed Fannar
 14324 | D:11     | Killed Fannar
 14543 | D:11     | Reached skill level 6 in Hexes
 14544 | D:11     | Reached skill level 6 in Translocations
 14638 | D:11     | Found Kyeteuko's Antique Armour Shoppe.
 14639 | D:11     | Found Wiadug's Assorted Antiques.
 14642 | D:11     | Found Bissetoh's Antique Weapon Shoppe.
 14670 | D:11     | Bought a scroll labelled ILUOTE QUNO for 29 gold pieces
 14997 | D:11     | Found Dilaest's Armour Shoppe.
 15000 | D:11     | Found a staircase to the Orcish Mines.
 15087 | D:11     | Found a runed translucent gate.
 15087 | D:11     | Found a runed translucent gate.
 15088 | D:11     | Found a runed translucent gate.
 15126 | D:11     | Noticed a two-headed ogre
 15134 | D:11     | Killed a two-headed ogre
 15135 | D:11     | Reached skill level 9 in Fighting
 15135 | D:11     | Reached skill level 9 in Invocations
 15296 | D:11     | Noticed Josephine
 15303 | D:11     | Killed Josephine
 15659 | D:11     | Found Qiomediola's Jewellery Shop.
 15730 | D:11     | Noticed dertzug's ghost (journeyman DrSh)
 16005 | D:12     | Reached skill level 10 in Fighting
 16005 | D:12     | Reached skill level 10 in Invocations
 16236 | D:12     | Noticed a boulder beetle
 16243 | D:12     | Killed a boulder beetle
 16434 | D:12     | Reached skill level 1 in Staves
 16434 | D:12     | Reached skill level 1 in Evocations
 16482 | D:12     | Reached skill level 1 in Ice Magic
 16675 | D:12     | Reached skill level 1 in Air Magic
 16734 | D:12     | Reached skill level 2 in Staves
 16797 | D:12     | Noticed a two-headed ogre
 16801 | D:12     | Killed a two-headed ogre
 16802 | D:12     | Reached skill level 2 in Evocations
 16874 | D:12     | Found the +7 lajatang of Order {silver, rMut}
 16886 | D:12     | Reached XP level 13. HP: 82/82 MP: 20/27
 17197 | D:13     | Reached skill level 2 in Ice Magic
 17204 | D:13     | Noticed Rupert
 17263 | D:13     | Killed Rupert
 17264 | D:13     | Reached skill level 3 in Staves
 17264 | D:13     | Reached skill level 3 in Evocations
 17351 | D:13     | Reached skill level 2 in Air Magic
 17614 | D:13     | Reached skill level 4 in Staves
 17620 | D:13     | Noticed Urug
 17631 | D:13     | Killed Urug
 17632 | D:13     | Reached skill level 3 in Ice Magic
 17915 | D:13     | Reached skill level 4 in Evocations
 18335 | D:13     | Found a portal to a secret trove of treasure.
 18674 | D:13     | Reached skill level 5 in Staves
 18709 | D:13     | Noticed an ice dragon
 18710 | D:13     | Noticed soseboi's ghost (journeyman OpIE)
 18720 | D:13     | Found a transporter.
 18894 | D:13     | Found a transporter.
 19137 | D:14     | Reached skill level 3 in Air Magic
 19147 | D:13     | a boulder beetle changed into a great orb of eyes
 19147 | D:13     | Noticed a great orb of eyes
 19148 | D:13     | HP: 15/84 [disintegration (32)]
 19150 | D:13     | Blown up by a great orb of eyes

Illustrated notes

Levels and vault maps discovered:
D:1:      wheals_arrival_linesprint, layout_loops_ring,
          chequers_ecumenical_altar_simple, nrook_mini_vaults
D:2:      layout_basic, serial_shops, shop, minmay_stone_trees_large,
          minmay_domino_4
D:3:      layout_loops_corners, lemuel_doored_altar, kennysheep_pointless_box
D:4:      layout_basic, mainiacjoe_overflow_catwalk, gup_ossuary_entry_pyramid,
          minmay_misc_feat_columns, uniq_crazy_yiuf_cottage
D:5:      layout_loops_ring, portal_sewer_entry_d
D:6:      layout_basic, mainiacjoe_overflow_paths, mainiacjoe_overflow_alcove_4,
          serial_shops, nicolae_shop_stone, shop, shop, shop
D:7:      layout_cave_pools, minmay_temple_entry_oklob, minmay_misc_feat_rugged,
          minmay_statues_item, grunt_ministairs_3
D:8:      layout_basic
D:9:      layout_basic, nicolae_uskayaw_dance_hall, grunt_temple_overflow_open,
          david_lair_shrubbed
D:10:     layout_basic, mainiacjoe_overflow_small_starburst,
          nicolae_qazlal_scattered_showers, special_room [special_room_orc]
D:11:     layout_basic, david_orc_5, ebering_ghost_rock_garden, serial_shops,
          nicolae_take_the_stairs, nicolae_shop_trees, nicolae_wooded_promenade,
          uniq_josephine, uniq_fannar
D:12:     layout_roguey, nicolae_straight_to_the_point
D:13:     layout_small_grid, enter_trove_2, gammafunk_ghost_berserking_beasts,
          wad_rectangle_vault, uniq_rupert, uniq_urug
D:14:     layout_loops_ring, hellmonk_vaults_order_and_chaos,
          reono_crystal_passage, nrook_pool_corridor, minivault_16,
          grunt_ministairs_1, hangedman_abyss_or_decor_stabs
Lair:1:   layout_hall_layers, dpeg_stationary_puzzle, uniq_gastronok

Skill      XL: |  1  2  3  4  5  6  7  8  9 10 11 12 13 |
---------------+----------------------------------------+-----
Spellcasting   | 3 4 5 6 7 8 10 | 10.0
Conjurations   | 5 6 8 10 | 10.0
Fighting       | 2 5 7 10 | 10.9
Invocations    | 2 5 7 10 | 10.0
Hexes          | 3 5 6 |  6.0
Translocations | 3 5 6 |  6.0
Staves         | 2 5 |  5.4
Evocations     | 2 4 |  4.9
Ice Magic      | 1 3 |  3.8
Air Magic      | 1 3 |  3.1
Dodging        | |  1.5
Stealth        | |  2.1

Action                     |  1- 3 |  4- 6 |  7- 9 | 10-12 | 13-15 || total
---------------------------+-------+-------+-------+-------+-------++-------
  Melee: Staff             |    15 |     2 |    18 |   192 |    84 ||   311
         Punch             |       |       |       |     2 |       ||     2
   Cast: Magic Dart        |    50 |    94 |   136 |   172 |    21 ||   473
         Searing Ray       |     1 |    16 |    49 |    41 |     3 ||   110
         Stone Arrow       |       |       |       |    41 |    50 ||    91
         Sandblast         |       |       |       |    30 |     9 ||    39
         Fulminant Prism   |       |       |       |    16 |     6 ||    22
         Iskenderun's Myst |       |       |       |    15 |     1 ||    16
         Freezing Cloud    |       |       |       |       |     2 ||     2
 Invoke: Upheaval          |       |       |       |     1 |     3 ||     4
         Elemental Force   |       |       |       |     1 |       ||     1
         Disaster Area     |       |       |       |     1 |       ||     1
  Evoke: Wand              |       |       |       |     1 |     1 ||     2
    Use: Scroll            |       |       |       |    17 |       ||    17
         Potion            |       |       |       |     2 |       ||     2
 Armour: Robe              |    10 |    29 |    46 |   253 |    57 ||   395
         Skin              |       |       |       |       |    63 ||    63
  Dodge: Dodged            |     7 |    16 |    30 |   164 |    67 ||   284
         Repelled          |       |       |     1 |     3 |     2 ||     6
  Block: Other             |     4 |    21 |    36 |   164 |       ||   225
         Reflection        |     2 |       |     8 |     7 |    11 ||    28
         Orb               |       |       |       |    59 |    82 ||   141

Table legend: (Time is in decaauts)
 A = Elapsed time spent in this place.
 B = Non-inter-level travel time spent in this place.
 C = Inter-level travel time spent in this place.
 D = Time resting spent in this place.
 E = Time spent auto-exploring this place.
 F = Levels seen in this place.
 G = Mean time per level.
                   A        B        C        D        E       F      G
               +--------+--------+--------+--------+--------+-----+--------+
         Total |  19293 |  17753 |   1540 |      0 |  15010 |  17 | 1134.9 |
       Dungeon |  17410 |  15872 |   1538 |      0 |  13494 |  14 | 1243.6 |
          Lair |    101 |     99 |      2 |      0 |     10 |   1 |  101.0 |
         Sewer |    563 |    563 |      0 |      0 |    465 |   1 |  563.0 |
       Ossuary |   1217 |   1217 |      0 |      0 |   1040 |   1 | 1217.0 |
               +--------+--------+--------+--------+--------+-----+--------+

Top non-repeatable levels by time:
     D:9: 2259 daAuts
    D:11: 1996 daAuts
    D:10: 1510 daAuts
    D:12: 1468 daAuts
    D:13: 1461 daAuts
     D:8: 1333 daAuts
 Ossuary: 1217 daAuts
     D:6: 1179 daAuts
     D:5: 1170 daAuts
     D:4: 1086 daAuts
     D:3: 1046 daAuts
     D:1: 1026 daAuts
     D:7: 934 daAuts
     D:2: 916 daAuts
   Sewer: 563 daAuts

Levels and vault maps discovered:
D:1:      wheals_arrival_linesprint, layout_loops_ring,
          chequers_ecumenical_altar_simple, nrook_mini_vaults
D:2:      layout_basic, serial_shops, shop, minmay_stone_trees_large,
          minmay_domino_4
D:3:      layout_loops_corners, lemuel_doored_altar, kennysheep_pointless_box
D:4:      layout_basic, mainiacjoe_overflow_catwalk, gup_ossuary_entry_pyramid,
          minmay_misc_feat_columns, uniq_crazy_yiuf_cottage
D:5:      layout_loops_ring, portal_sewer_entry_d
D:6:      layout_basic, mainiacjoe_overflow_paths, mainiacjoe_overflow_alcove_4,
          serial_shops, nicolae_shop_stone, shop, shop, shop
D:7:      layout_cave_pools, minmay_temple_entry_oklob, minmay_misc_feat_rugged,
          minmay_statues_item, grunt_ministairs_3
D:8:      layout_basic
D:9:      layout_basic, nicolae_uskayaw_dance_hall, grunt_temple_overflow_open,
          david_lair_shrubbed
D:10:     layout_basic, mainiacjoe_overflow_small_starburst,
          nicolae_qazlal_scattered_showers, special_room [special_room_orc]
D:11:     layout_basic, david_orc_5, ebering_ghost_rock_garden, serial_shops,
          nicolae_take_the_stairs, nicolae_shop_trees, nicolae_wooded_promenade,
          uniq_josephine, uniq_fannar
D:12:     layout_roguey, nicolae_straight_to_the_point
D:13:     layout_small_grid, enter_trove_2, gammafunk_ghost_berserking_beasts,
          wad_rectangle_vault, uniq_rupert, uniq_urug
D:14:     layout_loops_ring, hellmonk_vaults_order_and_chaos,
          reono_crystal_passage, nrook_pool_corridor, minivault_16,
          grunt_ministairs_1, hangedman_abyss_or_decor_stabs
Lair:1:   layout_hall_layers, dpeg_stationary_puzzle, uniq_gastronok

Table legend: (Time is in decaauts)
 A = Elapsed time spent in this place.
 B = Non-inter-level travel time spent in this place.
 C = Inter-level travel time spent in this place.
 D = Time resting spent in this place.
 E = Time spent auto-exploring this place.
 F = Levels seen in this place.
 G = Mean time per level.
                   A        B        C        D        E       F      G
               +--------+--------+--------+--------+--------+-----+--------+
         Total |  19293 |  17753 |   1540 |      0 |  15010 |  17 | 1134.9 |
       Dungeon |  17410 |  15872 |   1538 |      0 |  13494 |  14 | 1243.6 |
          Lair |    101 |     99 |      2 |      0 |     10 |   1 |  101.0 |
         Sewer |    563 |    563 |      0 |      0 |    465 |   1 |  563.0 |
       Ossuary |   1217 |   1217 |      0 |      0 |   1040 |   1 | 1217.0 |
               +--------+--------+--------+--------+--------+-----+--------+

Top non-repeatable levels by time:
     D:9: 2259 daAuts
    D:11: 1996 daAuts
    D:10: 1510 daAuts
    D:12: 1468 daAuts
    D:13: 1461 daAuts
     D:8: 1333 daAuts
 Ossuary: 1217 daAuts
     D:6: 1179 daAuts
     D:5: 1170 daAuts
     D:4: 1086 daAuts
     D:3: 1046 daAuts
     D:1: 1026 daAuts
     D:7: 934 daAuts
     D:2: 916 daAuts
   Sewer: 563 daAuts

Table legend:
 A = Kills in this place as a percentage of kills in the entire game.
 B = Kills by you in this place as a percentage of kills by you in the entire game.
 C = Kills by friends in this place as a percentage of kills by friends in the entire game.
 D = Other kills in this place as a percentage of other kills in the entire game.
 E = Experience gained in this place as a percentage of experience gained in the entire game.
 F = Experience gained in this place divided by the number of levels of this place that you have seen.
                   A       B       C       D       E      F
               +-------+-------+-------+-------+-------+----------------------
         Total | 100.0 | 100.0 |   N/A |   N/A | 100.0 | 2776.8
       Dungeon |  78.8 |  78.8 |   N/A |   N/A |  89.5 | 3017.9
          Lair |   4.2 |   4.2 |   N/A |   N/A |   9.3 | 4395.0
         Sewer |   6.1 |   6.1 |   N/A |   N/A |   0.5 | 227.0
       Ossuary |  10.9 |  10.9 |   N/A |   N/A |   0.7 | 334.0
               +-------+-------+-------+-------+-------+----------------------
